 Dungeon Sprint DCSS version 0.17-a0-1262-gd250d98 (webtiles) character file.

1127 Kidiri the Covert (level 8, 0/44 HPs)
             Began as a Spriggan Assassin on June 6, 2015.
             Slain by a yaktaur captain (28 damage)
             ... in the Dungeon (Sprint II: "The Violet Keep of Menkaure").
             The game lasted 00:09:07 (1139 turns).

Kidiri the Covert (Spriggan Assassin)               Turns: 1139, Time: 00:09:07

Health: 0/44       AC:  3    Str:  7    XL:     8   Next: 13%
Magic:  9/9        EV: 33    Int: 13    God:
Gold:   170        SH:  0    Dex: 19    Spells: 0 memorised, 7 levels left

rFire  + . .     SeeInvis +     a - +2 dagger
rCold  . . .     Clarity  .     c - +0 robe
rNeg   . . .     SustAt   .     (shield restricted)
rPois  .         Gourm    .     (helmet restricted)
rElec  .         Spirit   .     d - +0 cloak
rCorr  .         Warding  .     (gloves unavailable)
rMut   .         NoTele   +     (boots unavailable)
MR     +....                    (no amulet)
Stlth  +++++++...               q - +3 ring of evasion
                                p - ring of protection from fire

@: very quick, somewhat resistant to hostile enchantments, extremely stealthy
A: unfitting armour, see invisible, herbivore 3, speed 3, slow metabolism 2
a: no special abilities


You were in the Dungeon.
You were not hungry.

You visited 1 branch You collected 983 gold pieces.
You spent 813 gold pieces at shops.

Inventory:

Hand weapons
 a - a +2 dagger (weapon)
 b - a +0 blowgun
 o - a +5 blowgun
Missiles
 e - 5 poisoned needles
Armour
 c - a +0 robe (worn)
 d - a +0 cloak (worn)
 n - a -2 cloak
Jewellery
 p - a ring of protection from fire (left hand)
 q - a +3 ring of evasion (right hand)
Scrolls
 m - a scroll of blinking
 s - a scroll of identify
Potions
 h - a potion of curing
 i - a potion of heal wounds
 j - a potion of haste
 k - 2 potions of magic
 l - a potion of berserk rage
Comestibles
 g - a bread ration


   Skills:
 + Level 5.4 Fighting
 * Level 10.1 Short Blades
 + Level 7.2 Throwing
 * Level 12.5 Dodging
 * Level 14.3 Stealth


You had 7 spell levels left.
You didn't know any spells.

Dungeon Overview and Level Annotations

Branches:
Dungeon (1/1)

Altars:

Shops:
D [!:!?:%*=}=%(?[[

Annotations:
D exclusion: oklob plant, Kirke


Innate Abilities, Weirdness & Mutations

You are tiny and cannot use many weapons and most armour.
You have supernaturally acute eyesight.
You are a herbivore.
You cover ground extremely quickly.
You need consume almost no food.


Message History

You shoot a curare-tipped needle.
The curare-tipped needle hits the yaktaur captain.
The yaktaur captain looks even sicker.
The yaktaur captain convulses.
The yaktaur captain seems to slow down.
The yaktaur captain is moderately wounded.
The yaktaur captain completely misses you.
Firing (i - inventory. (,) - cycle):
f - a curare-tipped needle (quivered)
Press: ? - help, Shift-Dir - straight line, f/p - yaktaur captain
Aim: a yaktaur captain (moderately wounded, slow, poisoned)
You shoot a curare-tipped needle.
The curare-tipped needle barely misses the yaktaur captain.
The curare-tipped needle closely misses Kirke.
Wield which item (- for none, * to show all)? (? for menu, Esc to quit)
a - a +2 dagger (weapon)
Kirke whispers, "Not even holy moly will save you."
You hit the yaktaur captain but do no damage.
The yaktaur captain is moderately wounded.
The yaktaur captain hits you!!
Ouch! That really hurt!
You die...

#$.c..≈## ;;;≈≈#
##########cc#+++#+++##
#########≈≈@z....≈≈..#
........#≈≈≈≈.##§##≈≈#
....⌠...#≈≈≈≈##.#.## #
...∩.∩..#≈≈≈≈#..#H.#
..∩.∩.∩.#≈≈#####@#####
.∩.∩.∩.∩#≈##.###c###.##
∩.∩...∩.#≈#...##@##...#
.∩.....∩'≈'.#.'.<.'.##+..###
∩.......#≈#.).##.##...#ww..#
▓▓▓▓▓▓###≈##.###(###.##Xw....
:aa######≈≈####.#.####§§.....
?$J#x. ##≈≈≈#.###.#≈≈≈≈≈≈≈..
∩P?+.$#+ #'#≈##.#.##≈≈≈§≈§≈≈.
($.#$##§##.#≈≈##'##≈≈≈≈≈≈§§≈≈
?JJ###..§####≈≈≈≈≈≈≈≈≈≈§§≈≈≈


You could see Kirke, a yaktaur captain and a manticore.

Vanquished Creatures
  A siren (D)
  2 hippogriffs (D)
  Menkaure (D)
  4 necrophages (D)
  A hell rat (D)
  4 worker ants (D)
13 creatures vanquished.

Vanquished Creatures (others)
  4 tentacles (D)
4 creatures vanquished.

Grand Total: 17 creatures vanquished

Notes
Turn   | Place    | Note
--------------------------------------------------------------
     0 | D        | Kidiri the Spriggan Assassin began the quest for the Orb.
     0 | D        | Reached XP level 1. HP: 10/10 MP: 2/2
     1 | D        | Noticed a worker ant
     1 | D        | Noticed a worker ant
     5 | D        | Noticed a hippogriff
     5 | D        | Noticed a hippogriff
     9 | D        | Noticed a siren
    13 | D        | Noticed a necrophage
    13 | D        | Noticed a necrophage
    13 | D        | Noticed a necrophage
    13 | D        | Noticed a necrophage
    18 | D        | Noticed a worker ant
    18 | D        | Noticed a worker ant
    26 | D        | Killed a worker ant
    26 | D        | Reached skill level 7 in Stealth
    26 | D        | Reached XP level 2. HP: 5/15 MP: 3/3
    33 | D        | Killed a worker ant
    33 | D        | Reached XP level 3. HP: 2/19 MP: 4/4
    34 | D        | Killed a worker ant
    34 | D        | Reached skill level 5 in Dodging
    34 | D        | Reached skill level 8 in Stealth
    41 | D        | Killed a worker ant
    41 | D        | Reached skill level 5 in Short Blades
    41 | D        | Reached skill level 9 in Stealth
    41 | D        | Reached XP level 4. HP: 2/23 MP: 5/5
   342 | D        | Killed a hippogriff
   342 | D        | Reached skill level 10 in Stealth
   342 | D        | Reached XP level 5. HP: 25/28 MP: 6/6
   370 | D        | Killed a hippogriff
   370 | D        | Reached skill level 5 in Throwing
   370 | D        | Reached skill level 11 in Stealth
   370 | D        | Reached XP level 6. HP: 9/33 MP: 7/7
   611 | D        | Killed a siren
   611 | D        | Reached skill level 13 in Stealth
   611 | D        | Reached XP level 7. HP: 35/38 MP: 8/8
   629 | D        | Killed a necrophage
   629 | D        | Reached skill level 5 in Fighting
   631 | D        | Killed a necrophage
   657 | D        | Killed a necrophage
   677 | D        | Killed a necrophage
   677 | D        | Reached skill level 14 in Stealth
   677 | D        | Reached XP level 8. HP: 17/43 MP: 9/9
   869 | D        | Noticed an electric eel
   869 | D        | Noticed an electric eel
   869 | D        | Noticed an electric eel
   869 | D        | Noticed an electric eel
   870 | D        | Noticed an electric eel
   870 | D        | Noticed an electric eel
   871 | D        | Noticed an electric eel
   871 | D        | Noticed Menkaure
   889 | D        | Found Zipnask's Magic Scroll Shoppe.
   889 | D        | Found Zupuirei's Antique Armour Shoppe.
   889 | D        | Found Kiothreu's Food Emporium.
   889 | D        | Found Camnuori's Antique Weapon Emporium.
   889 | D        | Found Razaul's Gadget Shoppe.
   889 | D        | Found Faoploih's Jewellery Shoppe.
   890 | D        | Found Yturhok's Jewellery Shoppe.
   890 | D        | Found Ledae's Assorted Antiques.
   891 | D        | Found Iwippy's Food Shoppe.
   891 | D        | Found Igyshud's Book Emporium.
   891 | D        | Noticed a soldier ant
   892 | D        | Found Xuusaiw's Antique Armour Emporium.
   892 | D        | Noticed a soldier ant
   893 | D        | Found Goataphi's Magic Scroll Shoppe.
   893 | D        | Found Naje's Distillery.
   893 | D        | Noticed a soldier ant
   893 | D        | Noticed an oklob plant
   894 | D        | Found Miuss's Distillery.
   894 | D        | Found Ijopnev's Antique Armour Emporium.
   894 | D        | Found Bekkoum's Book Shoppe.
   898 | D        | Noticed a slime creature
   898 | D        | Noticed a slime creature
   899 | D        | Noticed a slime creature
   900 | D        | Noticed an unseen horror
   902 | D        | Noticed an unseen horror
   917 | D        | Bought a glowing cloak for 112 gold pieces
   928 | D        | Bought a scroll of remove curse for 39 gold pieces
   945 | D        | Bought a glowing blowgun for 75 gold pieces
   957 | D        | Bought a shiny granite ring for 135 gold pieces
   957 | D        | Bought a tubular brass ring for 135 gold pieces
   965 | D        | Bought a scroll of remove curse for 39 gold pieces
   965 | D        | Bought a scroll of identify for 26 gold pieces
   974 | D        | Bought a +3 ring of evasion for 252 gold pieces
   998 | D        | Noticed a hell rat
  1000 | D        | Killed a hell rat
  1011 | D        | Noticed a lava snake
  1012 | D        | Noticed a lava snake
  1013 | D        | Noticed a lava snake
  1013 | D        | Noticed a lava snake
  1014 | D        | Noticed a kraken
  1048 | D        | Killed Menkaure
  1048 | D        | Reached skill level 10 in Short Blades
  1077 | D        | Noticed an electric eel
  1081 | D        | Noticed Kirke
  1081 | D        | Noticed a kobold demonologist
  1081 | D        | Noticed a skeletal warrior
  1082 | D        | Noticed a centaur warrior
  1083 | D        | Noticed an elephant
  1084 | D        | Noticed a yaktaur captain
  1138 | D        | Noticed a manticore
  1139 | D        | Slain by a yaktaur captain

Vault maps used:
D:        the_violet_keep_of_menkaure

Action                   |  1- 3 |  4- 6 |  7- 9 || total
-------------------------+-------+-------+-------++-------
Melee: Dagger            |    11 |    11 |    68 ||    90
 Fire: Blowgun           |     5 |     7 |     4 ||    16
  Use: Scroll            |       |       |     2 ||     2
 Stab: Sleeping          |       |     2 |     3 ||     5
